 Dungeon Crawl Stone Soup version 0.29.1-1-gd02db6906a (webtiles) character file.

Game seed: 3883290485315597092

61 safid the Shooter (level 3, -3/31 HPs)
             Began as a Minotaur Hunter on Oct 7, 2022.
             Slain by an ice beast (6 damage)
             ... on level 4 of the Dungeon.
             The game lasted 00:01:10 (1000 turns).

safid the Shooter (Minotaur Hunter)                 Turns: 1000, Time: 00:01:11

Health: -3/31      AC:  4    Str: 15    XL:     3   Next: 83%
Magic:  2/2        EV: 12    Int:  6    God:
Gold:   58         SH:  0    Dex: 15    Spells: 2/2 levels left

rFire   . . .      SeeInvis .   a - +0 shortbow
rCold   . . .      Faith    .   (shield currently unavailable)
rNeg    . . .      Spirit   .   c - +0 leather armour
rPois   .          Reflect  .   (helmet restricted)
rElec   .          Harm     .   (no cloak)
rCorr   .          Rampage  .   (no gloves)
Will    .....                   h - +0 pair of boots
Stlth   +.........              (no amulet)
HPRegen 0.10/turn               (no ring)
MPRegen 0.08/turn               (no ring)

@: no status effects
A: horns 2, retaliatory headbutt
a: no special abilities


You were on level 4 of the Dungeon.
You visited 1 branch of the dungeon, and saw 3 of its levels.

You collected 58 gold pieces.

Inventory:

Hand Weapons
 a - a +0 shortbow (weapon)
Missiles
 m - 6 curare-tipped darts
Armour
 c - a +0 leather armour (worn)
 h - a +0 pair of boots (worn)
Scrolls
 b - a scroll of immolation
 e - 2 scrolls of amnesia {unknown}
 j - a scroll of noise {unknown}
 k - a scroll of summoning {unknown}
 l - a scroll of identify {unknown}
Potions
 d - a potion of haste {unknown}
 f - 2 potions of heal wounds {unknown}
 g - a potion of degeneration {unknown}
 i - a potion of might {unknown}


   Skills:
 - Level 3.0 Fighting
 + Level 5.8 Ranged Weapons
 - Level 2.1 Dodging
 - Level 0.7 Stealth


You had 2 spell levels left.
You didn't know any spells.
Your spell library was empty.

Dungeon Overview and Level Annotations

Branches:
Dungeon (2/15)

Altars:


Innate Abilities, Weirdness & Mutations

You have a pair of horns on your head.
You reflexively headbutt those who attack you in melee.


Message History

You are too injured to fight recklessly!
You are too injured to fight recklessly!
You are too injured to fight recklessly!
You are too injured to fight recklessly!
You are too injured to fight recklessly!
You are too injured to fight recklessly!
You are too injured to fight recklessly!
You are too injured to fight recklessly!
You are too injured to fight recklessly!
You are too injured to fight recklessly!
You are too injured to fight recklessly!
You are too injured to fight recklessly!
You are too injured to fight recklessly!
You are too injured to fight recklessly!
You are too injured to fight recklessly!
You are too injured to fight recklessly!
You are too injured to fight recklessly!
You are too injured to fight recklessly!
You are too injured to fight recklessly!
You are too injured to fight recklessly!
You are too injured to fight recklessly!
You are too injured to fight recklessly!
Unknown command.
Fire: a) +0 shortbow
Press: ? - help, Q - select action, (/) - cycle Shift-Dir - straight line, f/p - ice beast
Aim: an ice beast (heavily wounded, 62% to hit)
You shoot an arrow.
The arrow hits the ice beast but does no damage.
The ice beast is heavily wounded.
The ice beast misses you.
Fire: a) +0 shortbow
Press: ? - help, Q - select action, (/) - cycle Shift-Dir - straight line, f/p - ice beast
Aim: an ice beast (heavily wounded, 62% to hit)
You shoot an arrow.
The arrow hits the ice beast but does no damage.
The ice beast is heavily wounded.
The ice beast hits you.
* * * LOW HITPOINT WARNING * * *
The ice beast freezes you.
You die...

##...## ##.....## .
.... # ##.......#.#
#..##.#
###..........#
#...#.
..'........... ....<
###..........# #...
##.......#.###..##.#
##.....##....Y....#
##...## #@# ##+##
#.# #.### #.# #####
#.#.## #.#
....###....## #.#
.##.##......## #.#
.##.#....(...###.#
.................#
###.##.......#####


You could see an ice beast.

Vanquished Creatures
  2 adders (D:2)
  A worm (D:2)
  4 dart slugs
  An endoplasm (D:1)
  A giant cockroach (D:1)
  4 hobgoblins
  4 jackals (D:1)
  3 kobolds (D:1)
  2 ball pythons (D:2)
  2 bats
  3 frilled lizards
  2 goblins (D:1)
  6 rats
35 creatures vanquished.

Notes
Turn   | Place    | Note
-------+----------+-------------------------------------------
     0 | D:1      | safid the Minotaur Hunter began the quest for the Orb.
     0 | D:1      | Reached XP level 1. HP: 18/18 MP: 0/0
   180 | D:1      | Reached XP level 2. HP: 23/25 MP: 1/1
   310 | D:1      | Reached skill level 5 in Ranged Weapons
   513 | D:1      | Reached XP level 3. HP: 31/31 MP: 2/2
   938 | D:2      | You fall into a shaft and drop 2 floors!
   987 | D:4      | Noticed an ice beast
  1000 | D:4      | Slain by an ice beast

Illustrated notes

Levels and vault maps discovered:
D:1:      amcnicky_arrival_underground_garden, layout_rooms
D:2:      layout_loops_ring, minmay_misc_feat_diagonals
D:4:      layout_loops_corners

Skill      XL: |  1  2 |
---------------+-------+-----
Fighting       | 3 |  3.0
Ranged Weapons | 5 |  5.8
Dodging        | |  2.1
Stealth        | |  0.7

Action                   || total
-------------------------++-------
 Fire: Shortbow          ||   103
Armor: Leather armour    ||    10
Dodge: Dodged            ||    27
